 Dungeon Crawl Stone Soup version 0.31-a0-818-ge7c7cf74f0 (webtiles) character file.

Game seed: 5784650542370959560

28 Dittersdorf the Shield-Bearer (level 3, 0/23 HPs)
             Began as a Gargoyle Fighter on Sept 22, 2023.
             Slain by a worm (9 damage)
             ... on level 2 of the Dungeon.
             The game lasted 00:02:05 (1438 turns).

Dittersdorf the Shield-Bearer (Gargoyle Fighter)    Turns: 1438, Time: 00:02:05

Health: 0/23       AC: 10    Str: 21    XL:     3   Next: 12%
Magic:  3/3        EV:  9    Int:  8    God:
Gold:   75         SH:  4    Dex:  9    Spells: 2/2 levels left

rFire   . . .        a - +0 flail
rCold   . . .        c - +0 buckler
rNeg    + . .        b - +0 scale mail
rPois   ∞            (no helmet)
rElec   +            (no cloak)
rCorr   .            (no gloves)
SInv    .            (no boots)
Will    .....        (no amulet) Stlth
                     (no ring)
HPRegen 0.23/turn    (no ring)
MPRegen 0.08/turn

%: no passive effects
@: no status effects
A: sickness immunity, AC +3, negative energy resistance 1, electricity
resistance, torment resistance 1, petrification resistance
a: no special abilities


You were on level 2 of the Dungeon.
You visited 1 branch of the dungeon, and saw 2 of its levels.

You collected 75 gold pieces.

Inventory:

Hand Weapons
 a - a +0 flail (weapon)
Missiles
 f - 8 poisoned darts (quivered)
Armour
 b - a +0 scale mail (worn)
 c - a +0 buckler (worn)
Scrolls
 e - a scroll of blinking {unknown}
 g - a scroll of summoning {unknown}
Potions
 d - 2 potions of might


   Skills:
 + Level 3.6 Fighting
 + Level 2.4 Maces & Flails
 + Level 3.6 Armour
 + Level 3.7 Shields


You had 2 spell levels left.
You didn't know any spells.
Your spell library contained the following spells:

 Spells                   Type           Power      Damage    Failure   Level
 Vhi's Electric Charge    Tloc/Air       0%         N/A       100%        4
 Arcjolt                  Conj/Air       0%         1d10      100%        5
 Plasma Beam              Fire/Air       0%         2x1d10    100%        6


Dungeon Overview and Level Annotations

Branches:
Dungeon (2/15)

Altars:


Innate Abilities, Weirdness & Mutations

You are immune to sickness and miasma.
Your stone body is resilient. (AC +3)
You are immune to poison.
You resist negative energy. (rN+)
You are resistant to electric shocks. (rElec)
You are resistant to unholy torment.
You are immune to petrification.


Message History

You are too injured to fight recklessly!
You are too injured to fight recklessly!
The rat attacks as it pursues you! The rat bites you but does no damage.
A ball python comes into view.
The ball python hisses angrily.
You hit the rat but do no damage. The rat closely misses you.
You hit the rat.
You kill the rat!
The ball python bites you but does no damage.
You block the ball python's attack.
You closely miss the ball python. The ball python closely misses you.
You block the ball python's attack.
The ball python bites you but does no damage.
The ball python grabs you. The ball python constricts you.
You closely miss the ball python. You block the ball python's attack.
The ball python constricts you.
You barely miss the ball python. The ball python bites you.
The ball python constricts you.
The ball python bites you but does no damage.
The ball python constricts you.
You hit the ball python.
The ball python is moderately wounded.
You block the ball python's attack. The ball python constricts you.
You hit the ball python.
You kill the ball python!
You thump the worm!
The worm is heavily wounded.
The worm bites you but does no damage.
You barely miss the worm.
The worm is heavily wounded.
You block the worm's attack.
You hit the worm but do no damage.
The worm is moderately wounded.
You sock the worm!
The worm is almost dead.
The worm bites you but does no damage.
You hit the worm.
The worm is almost dead.
The worm bites you!
You die...

.........w......#
#######.....###.#
#..........##.#
#...........#.#
#.............####
#..........##....#
##+
#############.##.#
#####.. #w##.##
#...... #@##..#
#.#..## #.###>##
#.#.##
...###..#####.#.#
##..........#.#.#
#.####.###.#...#
#.# #.###.#..##
#.# #..#....## ..#
###....#.#
#..>.....#


You could see a worm.

Vanquished Creatures
  6 ball pythons
  5 endoplasms (D:1)
  5 hobgoblins (D:1)
  3 jackals (D:1)
  A quokka (D:1)
  A bat (D:1)
  2 frilled lizards (D:1)
  A kobold (D:1)
  A rat (D:2)
25 creatures vanquished.

Notes
Turn   | Place    | Note
-------+----------+-------------------------------------------
     0 | D:1      | Dittersdorf the Gargoyle Fighter began the quest for the
                  | Orb.
     0 | D:1      | Reached XP level 1. HP: 14/14 MP: 1/1
   184 | D:1      | Reached XP level 2. HP: 19/19 MP: 2/2
   644 | D:1      | Found a faded altar of an unknown god.
   751 | D:1      | Reached XP level 3. HP: 19/23 MP: 3/3
  1438 | D:2      | Slain by a worm

Illustrated notes

Levels and vault maps discovered:
D:1:      heliophobic_arrival_ceremonial_halls, layout_basic,
          dreamdust_ecumenical_altar_hidden_monk_grotto, minmay_tiny_reverse_x
D:2:      layout_basic, wander_ebering_terrifying_dragon_lair

Action                     || total
---------------------------++-------
  Melee: Flail             ||   120
 Armour: Scale mail        ||    80
  Dodge: Dodged            ||    55
  Block: Buckler           ||    29

Table legend: (Time is in decaauts)
 A = Elapsed time spent in this place.
 B = Non-inter-level travel time spent in this place.
 C = Inter-level travel time spent in this place.
 D = Time resting spent in this place.
 E = Time spent auto-exploring this place.
 F = Levels seen in this place.
 G = Mean time per level.
                   A        B        C        D        E       F      G
               +--------+--------+--------+--------+--------+-----+--------+
         Total |   1477 |   1360 |    117 |     55 |   1032 |   2 |  738.5 |
       Dungeon |   1477 |   1360 |    117 |     55 |   1032 |   2 |  738.5 |
               +--------+--------+--------+--------+--------+-----+--------+

Top non-repeatable levels by time:
     D:1: 1379 daAuts
     D:2: 98 daAuts
